Map: Frozen Temple

Players

LiquidSnute (Snute) - Winner!

  • Race: Zerg Zerg
  • League: Grandmaster

puCK (Nina)

  • Race: Protoss Protoss
  • League: Grandmaster

VOD

https://youtu.be/uZBMkFXbVis?list=PL7UDWN70TnDRKosKeSIaouM8TvQPF44Gr

Description

Time

  • Played on: Aug. 26, 2016, 11:56 a.m.
  • Length: 23:34
Show
View Real Time Build Order
Export as new Build Order

LiquidSnute Zerg - Winner!

Build Orders: Hatch First 

Get SALT Encoding   

  12  0:00  Drone  
  13  0:12  Overlord  
  13  0:17  Drone  
  14  0:30  Drone x2  
  14  0:34  Drone  
  17  0:51  Hatchery  
  17  0:55  Drone  
  17  0:58  Drone  
  17  1:01  Extractor  
  17  1:15  Spawning Pool  
  17  1:16  Drone  
  17  1:20  Drone  
  18  1:28  Drone  
  19  1:38  Overlord  
  19  1:49  Drone  
  20  2:00  Drone  
  21  2:01  Queen  
  21  2:03  Queen  
  21  2:04  Metabolic Boost  
  21  2:07  Drone  
  26  2:11  Drone  
  26  2:14  Drone  
  28  2:21  Drone  
  29  2:25  Drone  
  30  2:35  Drone  
  30  2:37  Hatchery  
  30  2:43  Drone, Overlord  
  31  2:46  Zergling x2  
  32  2:53  Zergling x2  
  32  2:57  Zergling x2  
  34  3:06  Zergling x2  
  34  3:09  Drone  
  34  3:10  Drone x3  
  34  3:11  Drone  
  34  3:12  Overlord  
  40  3:13  Drone  
  40  3:17  Drone, Queen  
  44  3:22  Overlord  
  44  3:30  Drone  
  44  3:31  Drone, Roach Warren  
  45  3:38  Drone  
  45  3:39  Queen  
  45  3:40  Drone  
  49  3:42  Drone  
  49  3:44  Drone  
  52  3:55  Drone x2  
  52  3:56  Drone x2  
  52  4:00  Spore Crawler x2  
  52  4:01  Drone  
  54  4:06  Overlord  
  54  4:07  Overlord  
  54  4:12  Roach x3  
  54  4:17  Roach x2  
  61  4:19  Roach  
  61  4:24  Overlord  
  64  4:26  Roach  
  64  4:28  Roach  
  64  4:31  Zergling x8  
  71  4:36  Spore Crawler  
  71  4:39  Zergling x6  
  71  4:44  Zergling x2  
  75  4:47  Zergling x2  
  75  4:49  Evolution Chamber  
  75  4:55  Zergling x4  
  75  5:03  Zergling x16  
  78  5:10  Drone  
  78  5:14  Zerg Melee Weapons Level 1  
  78  5:15  Drone x3  
  81  5:24  Drone  
  81  5:25  Drone  
  81  5:27  Hatchery  
  81  5:28  Drone x4  
  85  5:30  Extractor  
  85  5:31  Drone  
  85  5:32  Drone x2  
  88  5:36  Drone  
  88  5:37  Overlord, Lair  
  89  5:47  Roach  
  80  5:50  Roach  
  80  5:53  Drone  
  80  5:54  Drone x4, Extractor  
  86  5:58  Roach, Extractor  
  87  6:06  Drone x5  
  92  6:12  Drone x2  
  92  6:13  Drone x3  
  92  6:16  Extractor  
  92  6:17  Extractor  
  95  6:19  Baneling Nest  
  95  6:21  Overlord x2, Ravager  
  95  6:23  Zergling x2  
  96  6:28  Ravager  
  97  6:33  Zergling x2  
  97  6:35  Overlord x2  
  97  6:37  Overlord  
  98  6:42  Queen  
  100  6:48  Ravager  
  100  6:49  Ravager x2  
  100  6:51  Roach x2  
  100  6:52  Zergling x8  
  100  6:53  Zergling x8  
  115  6:56  Zergling x6  
  115  6:58  Ravager  
  115  7:01  Zergling x4  
  121  7:04  Centrifical Hooks  
  121  7:05  Zergling x6  
  121  7:06  Zergling x4  
  126  7:10  Zergling x4  
  126  7:12  Ravager  
  126  7:13  Zergling x6  
  126  7:15  Baneling x4  
  131  7:20  Zergling x2  
  131  7:21  Zergling x2  
  131  7:29  Zergling x2  
  129  7:30  Zergling x10  
  129  7:32  Baneling x11  
  131  7:38  Zergling x10  
  131  7:41  Baneling x6  
  136  7:47  Hatchery  
  135  7:51  Zergling x8  
  135  7:57  Overlord x3  
  138  8:05  Zergling x10  
  138  8:07  Baneling x11  
  138  8:08  Baneling x3  
  138  8:10  Overlord  
  138  8:17  Zergling x12  
  138  8:19  Ravager  
  145  8:22  Zerg Melee Weapons Level 2  
  145  8:27  Baneling x7  
  145  8:31  Zergling x8  
  149  8:35  Baneling x5  
  149  8:39  Zergling x8  
  117  8:56  Zergling x22  
  111  9:05  Zergling x10  
  107  9:10  Roach x4  
  107  9:13  Baneling x6  
  115  9:21  Baneling x15  
  115  9:22  Baneling x3  
  115  9:23  Baneling  
  115  9:29  Baneling  
  115  9:30  Baneling x5  
  114  9:33  Zergling x8  
  114  9:36  Zergling x4  
  120  9:43  Zergling x10  
  125  9:50  Ravager x4  
  125  9:51  Roach  
  125  9:52  Roach  
  133  9:53  Zergling x2  
  133  9:54  Zergling x6  
  133  9:59  Zergling x2  
  141  10:00  Zergling x6  
  141  10:02  Baneling  
  141  10:03  Baneling x3  
  141  10:07  Baneling x2  
  141  10:10  Zergling x12  
  147  10:15  Ravager  
  147  10:17  Zergling x2  
  147  10:18  Zergling x10  
  154  10:22  Ravager  
  154  10:28  Zergling x20  
  154  10:33  Spore Crawler  
  162  10:35  Overlord  
  162  10:36  Overlord  
  162  10:38  Baneling x6  
  162  10:40  Zergling x4  
  164  10:47  Baneling x6  
  164  10:49  Zergling x2  
  166  10:50  Zergling x8  
  166  10:55  Zergling x8  
  166  10:56  Zergling x4  
  175  11:02  Zergling x10  
  175  11:03  Zergling x2  
  162  11:26  Zergling x2  
  162  11:27  Zergling x20  
  169  11:35  Zergling x22  
  169  11:36  Zergling x4  
  169  11:39  Overlord  
  182  11:40  Roach  
  184  11:47  Roach  
  184  11:48  Roach  
  184  11:53  Hatchery  
  164  12:04  Zergling x20  
  139  12:11  Zergling x14  
  131  12:15  Zergling x2  
  131  12:16  Zergling x4  
  131  12:19  Zergling x2  
  135  12:22  Baneling  
  135  12:23  Baneling x18  
  135  12:24  Baneling x3  
  135  12:25  Baneling x9  
  129  12:31  Zergling x14  
  136  12:40  Zergling x10  
  136  12:41  Zergling x2  
  136  12:42  Baneling x6  
  136  12:44  Ravager x2  
  143  12:45  Ravager  
  143  12:48  Zergling x6  
  148  12:53  Baneling  
  148  12:54  Baneling x7  
  148  12:57  Roach  
  148  12:58  Roach  
  152  13:00  Zergling x4  
  150  13:23  Zergling x28  
  142  13:40  Zergling x2  
  142  13:41  Zergling x14  
  140  13:54  Ravager x2  
  146  13:55  Roach x2  
  146  13:56  Roach  
  146  14:01  Baneling x2  
  146  14:02  Baneling x6  
  148  14:03  Baneling  
  148  14:04  Baneling  
  148  14:05  Baneling  
  148  14:10  Roach x2  
  148  14:12  Zergling x4  
  154  14:20  Baneling  
  154  14:21  Baneling x11  
  154  14:22  Baneling  
  154  14:23  Baneling x2  
  154  14:25  Baneling  
  154  14:36  Ravager x4  
  158  14:38  Zergling x2  
  158  14:39  Zergling x14  
  163  14:58  Zergling x26  
  141  15:18  Zergling x2  
  141  15:19  Zergling x16  
  130  15:27  Zergling x4  
  106  15:36  Roach x2  
  107  15:48  Baneling x3  
  107  15:49  Baneling x5  
  101  15:58  Zergling x2  
  101  15:59  Zergling x6  
  96  16:24  Hatchery  
  95  16:32  Ravager x2  
  90  16:53  Roach x5  
  96  16:58  Roach x2  
  89  17:15  Ravager  
  89  17:16  Ravager x4  
  89  17:17  Roach x4  
  89  17:21  Ravager x2  
  98  17:46  Baneling x14  
  95  17:56  Baneling x5  
  90  18:16  Baneling x5  
  89  18:29  Ravager  
  89  18:30  Ravager x3  
  93  19:02  Hatchery  
  92  19:15  Overseer  
  92  19:18  Zergling x2  
  92  19:19  Zergling x6  
  96  19:46  Hatchery  
  95  20:04  Roach x3  
  101  20:15  Pneumatized Carapace  
  101  20:27  Ravager x3  
  102  21:01  Zergling x2  
  102  21:02  Zergling x18  
  112  21:15  Zergling x8  
  114  21:21  Baneling x5  
  114  21:26  Baneling x4  
  114  21:36  Baneling x2  
  114  21:37  Baneling x5  
  114  22:07  Roach x3  
  120  22:13  Baneling  
  120  22:14  Baneling x2  
  120  22:31  Zergling x6  
  120  22:32  Zergling x18  
  110  22:52  Zergling x2  
  110  22:53  Zergling x6  
Show
View Real Time Build Order
Export as new Build Order

puCK Protoss 

Build Orders: 1 Gate Expand 

Get SALT Encoding   

  12  0:00  Probe (Chrono Boost)  
  13  0:11  Probe (Chrono Boost)  
  14  0:19  Pylon  
  14  0:22  Probe (Chrono Boost)  
  15  0:38  Gateway, Probe (Chrono Boost)  
  16  0:47  Assimilator  
  16  0:48  Probe (Chrono Boost)  
  17  0:59  Probe (Chrono Boost)  
  18  1:09  Probe (Chrono Boost)  
  19  1:20  Nexus  
  19  1:24  Probe (Chrono Boost)  
  20  1:33  Cybernetics Core  
  20  1:35  Probe (Chrono Boost)  
  21  1:41  Assimilator  
  21  1:46  Probe (Chrono Boost)  
  22  1:50  Pylon  
  22  1:56  Probe (Chrono Boost)  
  23  2:02  Warp Gate  
  23  2:06  Adept  
  24  2:09  Probe (Chrono Boost)  
  26  2:16  Twilight Council  
  26  2:22  Probe (Chrono Boost)  
  27  2:30  Stalker  
  27  2:34  Probe (Chrono Boost)  
  27  2:35  Probe (Chrono Boost)  
  31  2:39  Resonating Glaives  
  31  2:46  Probe x2 (Chrono Boost)  
  33  2:58  Probe (Chrono Boost)  
  34  3:00  Gateway  
  34  3:01  Probe (Chrono Boost)  
  35  3:09  Gateway  
  35  3:10  Probe (Chrono Boost)  
  37  3:13  Adept, Probe (Chrono Boost)  
  39  3:22  Probe (Chrono Boost)  
  42  3:27  Mothership Core (Chrono Boost)  
  42  3:33  Pylon  
  43  3:34  Probe (Chrono Boost)  
  43  3:38  Pylon  
  43  3:46  Probe (Chrono Boost)  
  44  3:50  Probe (Chrono Boost)  
  45  3:58  Probe (Chrono Boost)  
  45  4:01  Probe (Chrono Boost)  
  47  4:06  Adept x2  
  47  4:08  Adept  
  53  4:13  Probe (Chrono Boost)  
  54  4:20  Nexus  
  54  4:25  Pylon  
  54  4:26  Probe x2 (Chrono Boost)  
  54  4:28  Adept x3  
  62  4:33  Pylon  
  62  4:39  Robotics Facility  
  62  4:44  Gateway  
  62  4:45  Probe (Chrono Boost)  
  64  4:46  Gateway  
  64  4:49  Probe (Chrono Boost)  
  64  4:52  Sentry x3  
  70  4:57  Probe (Chrono Boost)  
  71  5:06  Probe (Chrono Boost)  
  68  5:13  Probe (Chrono Boost)  
  69  5:14  Assimilator  
  69  5:17  Adept x3, Assimilator  
  69  5:20  Pylon  
  76  5:21  Probe (Chrono Boost)  
  76  5:23  Pylon  
  76  5:27  Probe (Chrono Boost), Immortal  
  81  5:41  Pylon, Probe (Chrono Boost)  
  82  5:43  Pylon  
  82  5:45  Adept x3  
  82  5:46  Blink  
  82  5:48  Probe (Chrono Boost)  
  87  5:51  Probe (Chrono Boost)  
  87  5:53  Probe (Chrono Boost)  
  89  5:58  Sentry  
  89  6:00  Probe (Chrono Boost)  
  89  6:01  Probe (Chrono Boost)  
  94  6:05  Probe (Chrono Boost)  
  94  6:08  Adept  
  94  6:09  Warp Prism  
  97  6:12  Probe (Chrono Boost)  
  97  6:18  Pylon, Probe (Chrono Boost)  
  100  6:20  Sentry, Pylon  
  100  6:21  Probe (Chrono Boost)  
  100  6:25  Probe (Chrono Boost)  
  104  6:28  Adept  
  104  6:29  Adept x2  
  104  6:32  Probe (Chrono Boost)  
  111  6:34  Adept  
  114  6:40  Probe (Chrono Boost)  
  114  6:43  Gateway  
  114  6:44  Adept  
  114  6:46  Gateway  
  116  6:49  Adept x2  
  116  6:50  Adept, Observer  
  123  6:58  Assimilator  
  123  7:00  Adept  
  125  7:07  Pylon  
  125  7:10  Adept, Pylon  
  125  7:11  Adept x2  
  125  7:13  Stalker  
  133  7:29  Immortal  
  133  7:31  Adept x4  
  133  7:37  Probe (Chrono Boost)  
  146  7:38  Gateway  
  146  7:42  Probe (Chrono Boost)  
  146  7:43  Probe (Chrono Boost)  
  148  7:45  Pylon  
  148  7:47  Pylon  
  148  7:51  Sentry x3  
  148  7:52  Sentry  
  148  7:55  Probe (Chrono Boost)  
  148  7:57  Assimilator  
  157  8:00  Pylon  
  157  8:03  Probe (Chrono Boost), Pylon  
  157  8:05  Pylon, Immortal  
  158  8:08  Stalker x3  
  168  8:20  Forge  
  168  8:25  Stalker x3  
  174  8:32  Stalker x4  
  178  8:53  Adept  
  178  8:54  Adept x2  
  134  8:56  Adept x4  
  134  9:01  Immortal  
  112  9:12  Protoss Ground Weapons Level 1  
  112  9:14  Probe (Chrono Boost)  
  113  9:18  Adept x5  
  113  9:19  Adept x2  
  113  9:23  Templar Archives  
  127  9:30  Nexus  
  127  9:35  Immortal  
  127  9:37  Adept  
  129  9:41  Adept x4  
  141  9:45  Pylon  
  141  10:02  High Templar x2  
  141  10:03  Adept x5  
  155  10:07  Archon  
  155  10:13  Immortal  
  159  10:27  Probe (Chrono Boost)  
  156  10:30  High Templar x2  
  156  10:31  Probe (Chrono Boost)  
  156  10:34  Archon  
  161  10:37  Psionic Storm, Probe (Chrono Boost)  
  161  10:38  Photon Cannon  
  161  10:40  Photon Cannon  
  161  10:41  Photon Cannon  
  162  10:43  Photon Cannon  
  162  10:44  Pylon  
  162  10:47  Pylon  
  162  10:48  Pylon  
  158  10:55  Adept x5  
  168  10:57  Immortal  
  172  11:04  High Templar  
  172  11:10  Adept x2  
  178  11:15  Adept  
  178  11:16  Adept x2  
  178  11:18  Adept  
  175  11:22  Probe (Chrono Boost)  
  175  11:24  High Templar  
  169  11:38  Probe (Chrono Boost)  
  169  11:39  Probe (Chrono Boost)  
  171  11:43  High Templar  
  173  11:48  Adept x3  
  173  11:49  Adept x2  
  147  12:08  Adept x4  
  113  12:09  Adept  
  113  12:12  Immortal  
  103  12:17  High Templar  
  103  12:21  Probe (Chrono Boost)  
  103  12:22  Probe x2 (Chrono Boost)  
  112  12:30  High Templar  
  112  12:32  Probe x2 (Chrono Boost)  
  112  12:34  Probe (Chrono Boost)  
  112  12:35  Probe (Chrono Boost)  
  112  12:36  Assimilator  
  118  12:38  Assimilator  
  118  12:42  High Templar, Probe (Chrono Boost)  
  118  12:43  High Templar, Probe (Chrono Boost)  
  124  12:46  Adept x2  
  124  12:47  Adept  
  130  12:51  Adept  
  132  13:04  Adept x2  
  136  13:13  High Templar x2  
  136  13:17  Archon  
  138  13:33  Adept x2  
  138  13:34  Adept x4  
  118  13:42  Probe x3 (Chrono Boost)  
  118  13:45  High Templar  
  118  13:46  High Templar  
  119  13:49  Probe (Chrono Boost)  
  119  13:52  Protoss Shields Level 1, Assimilator  
  119  13:54  Probe (Chrono Boost)  
  119  13:55  High Templar x2, Pylon  
  123  13:56  Pylon  
  123  13:58  Probe (Chrono Boost)  
  123  14:00  Archon, Photon Cannon  
  123  14:02  Photon Cannon  
  126  14:03  Adept  
  126  14:04  Adept x3  
  134  14:15  Pylon, Immortal  
  134  14:18  Adept x2  
  142  14:24  Adept x3  
  142  14:25  Adept  
  142  14:28  Adept x2  
  154  14:34  Photon Cannon  
  154  14:39  High Templar x2  
  154  14:43  Archon  
  154  14:45  Adept x4  
  166  15:01  High Templar  
  166  15:03  Adept  
  149  15:16  Adept x4  
  149  15:17  Adept  
  149  15:20  Archon  
  145  15:21  Archon  
  145  15:25  Adept x2  
  95  15:37  High Templar x2  
  95  15:38  Adept x3  
  81  15:45  Immortal  
  81  15:47  Adept  
  81  15:48  Adept x2  
  82  16:07  High Templar  
  76  16:14  Adept x2  
  78  16:22  Nexus  
  78  16:24  Adept  
  70  16:37  Adept  
  72  16:50  High Templar x2  
  76  16:55  Pylon  
  76  16:57  Pylon  
  58  17:20  Adept  
  58  17:21  Adept x5  
  60  18:21  Adept x2  
  64  18:40  High Templar  
  66  19:45  Nexus  
  66  19:58  Pylon  
  62  21:23  Assimilator  
  62  21:24  Assimilator  
  62  21:37  Pylon  
  62  21:44  Zealot  
  64  21:52  Adept x2  
  68  21:59  Pylon  
  68  22:08  Stalker  
  71  22:17  Probe (Chrono Boost)  
  71  22:32  Stalker  
  73  22:39  Stalker  
Tags
 
Add a new tag
Caveats
  • Supply blocks, unpowered buildings, or Contaminate may cause inaccurate times.
  • Supply counts are checked every 10 seconds.